 Dungeon Crawl Stone Soup version 0.26.1-11-gd32895ea62 (webtiles) character file.

Game seed: 9099791331049633439

34526 dtburroughs the Cleaver (level 13, -6/93 (118) HPs)
             Began as a Minotaur Berserker on July 6, 2021.
             Was a High Priest of Trog.
             Mangled by Rupert
             ... wielding a +5 great mace of draining
              (21 damage)
             ... on level 3 of the Lair of Beasts on July 7, 2021.
             The game lasted 00:44:26 (16459 turns).

dtburroughs the Cleaver (Minotaur Berserker)       Turns: 16459, Time: 00:44:26

HP:   -6/93 (118)   AC: 24    Str: 23    XL:     13   Next: 42%
MP:   12/12         EV: 11    Int:  7    God:    Trog [*****.]
Gold: 980           SH: 14    Dex: 11    Spells: 12/12 levels left

rFire    + . .     SeeInvis +   r - +0 broad axe
rCold    . . .     Faith    .   b - +2 kite shield
rNeg     . . .     Spirit   .   E - +2 plate armour {rF+}
rPois    .         Reflect  .   (helmet restricted)
rElec    .         Harm     .   i - +0 cloak {rCorr}
rCorr    +         Rampage  .   (no gloves)
Will     ++...                  a - +0 pair of boots
Stlth    ..........             t - amulet of regeneration
HPRegen  1.65/turn              R - ring of see invisible
MPRegen  0.13/turn              T - +4 ring of protection

@: berserk cooldown, regenerating, slowed, heavily drained, very slow
A: retaliatory headbutt, horns 2
a: Renounce Religion, Berserk, Trog's Hand, Brothers in Arms


You were on level 3 of the Lair of Beasts.
You worshipped Trog.
Trog was extremely pleased with you.
You visited 2 branches of the dungeon, and saw 14 of its levels.
You also visited: Sewer and Bailey.

You collected 980 gold pieces.

Inventory:

Hand Weapons
 r - a +0 broad axe (weapon)
 O - the +7 battleaxe of the Apocalypse {flame, +Fly rElec Str+2 Int+2, unknown}
   (You found it on level 3 of the Lair of Beasts)

   It has been specially enchanted to burn those struck by it, causing extra
   injury to most foes and up to half again as much damage against particularly
   susceptible opponents.
   Big, fiery blades are also staple armaments of hydra-hunters.
   It affects your strength (+2).
   It affects your intelligence (+2).
   It insulates you from electricity.
   It lets you fly.
 Q - a +1 hand axe of flaming
Armour
 a - a +0 pair of boots (worn)
 b - a +2 kite shield (worn)
 i - a +0 cloak of preservation (worn)
 E - a +2 plate armour of fire resistance (worn)
Jewellery
 t - an amulet of regeneration (around neck)
 I - a +4 ring of evasion
 J - an uncursed amulet of reflection {unknown}
 R - a ring of see invisible (left hand)
 T - a +4 ring of protection (right hand)
 Y - a cursed -4 ring of dexterity {unknown}
 Z - a +6 ring of strength {unknown}
Wands
 x - a wand of random effects (77)
 F - a wand of flame (36)
 P - a wand of digging (4)
 S - a wand of polymorph (12)
 W - a wand of enslavement (5)
 X - a wand of paralysis (4)
Scrolls
 c - 6 scrolls of enchant weapon
 j - 4 scrolls of amnesia {unknown}
 n - 11 scrolls of remove curse
 v - 3 scrolls of fog {unknown}
 w - 7 scrolls of identify
 y - 2 scrolls of fear {unknown}
 z - 3 scrolls of blinking {unknown}
 A - 7 scrolls of teleportation
 C - a scroll of magic mapping {unknown}
 D - a scroll of brand weapon {unknown}
 K - 3 scrolls of random uselessness {unknown}
 L - a scroll of noise {unknown}
 N - a scroll of holy word {unknown}
 U - a scroll of enchant armour {unknown}
 V - 3 scrolls of immolation {unknown}
Potions
 d - a potion of brilliance {unknown}
 e - 4 potions of invisibility {unknown}
 f - 4 potions of heal wounds
 g - 5 potions of flight
 h - 3 potions of berserk rage
 k - 2 potions of mutation {unknown}
 l - 6 potions of attraction
 m - 5 potions of magic
 o - 4 potions of lignification
 p - a potion of cancellation {unknown}
 q - 6 potions of curing {unknown}
 s - a potion of degeneration {unknown}
 u - 2 potions of resistance {unknown}
 B - 3 potions of haste
 H - 4 potions of might {unknown}
 M - 2 potions of ambrosia {unknown}
Miscellaneous
 G - a condenser vane


   Skills:
 + Level 12.1 Fighting
 + Level 12.1 Axes
 + Level 11.9 Armour
 + Level 11.0 Dodging
 + Level 11.4 Shields
 + Level 7.4 Evocations


You had 12 spell levels left.
You didn't know any spells.
Your spell library was empty.

Dungeon Overview and Level Annotations

Branches:
Dungeon (11/15)            Temple (0/1) D:4            Lair (3/6) D:11
 Spider (0/4) Lair:3        Sewer (visited)          Bailey (visited)
  Swamp: Lair:2-4    Shoals: Lair:2-4       Orc: D:9-12

Altars:
Ashenzari
Dithmenos
Hepliaklqana
Makhleb
Nemelex Xobeh
Ru
Sif Muna
Trog
Uskayaw
The Shining One

Portals:
Trove: D:10 (show slimy rune of Zot)

Annotations:
Lair:3 Rupert


Innate Abilities, Weirdness & Mutations

You reflexively headbutt those who attack you in melee.
You have a pair of horns on your head.


Message History

* * * LOW HITPOINT WARNING * * *
You feel drained.
* * * LOW HITPOINT WARNING * * *
You slash Rupert! You headbutt Rupert.
Rupert is heavily wounded.
You block Rupert's attack.
Your plate armour prevents you from hitting Rupert.
Your headbutt misses Rupert.
Rupert is heavily wounded.
Rupert hits you with a +5 great mace of draining.
* * * LOW HITPOINT WARNING * * *
You feel drained.
* * * LOW HITPOINT WARNING * * *
You are too berserk!
You feel a strong urge to attack something.
You are no longer berserk.
You are exhausted.
You feel yourself slow down.
Rupert hits you with a +5 great mace of draining!!
You die...

##..####...## ##.
#.#.##.....######..
######........##..#
####.#...#......#
###.#.###..####...#
##.##.## ##.# ###.#
#..#.## #.# #..
##..#.# #.# ####..
#.#@#.# ##.. #.#...
##..@## #...##.....
#.##..#####.........
## ###..#....[......
#.#.............
##..............
........#......#
###.......#...###
###...#......#


You could see Rupert (berserk).

Vanquished Creatures
  Harold (D:9)
  4 hydras
  Erica (Lair:2)
  3 unseen horrors
  An orc knight (Bailey)
  A lindwurm (Lair:3)
  Pikel (D:6)
  An orb spider (Lair:3)
  2 ugly things (D:11)
  2 black mambas
  11 elephants
  Maurice (D:11)
  Psyche (D:8)
  9 cane toads
  3 komodo dragons
  4 rime drakes
  2 polar bears
  Grinder (D:5)
  Prince Ribbit (D:8)
  6 hornets
  5 blink frogs (Lair:1)
  A wraith (D:11)
  31 yaks
  A wyvern (Lair:3)
  A vampire mosquito (D:11)
  Menkaure (D:6)
  13 water moccasins
  Edmund (D:6)
  An acid dragon (D:11)
  A soldier ant (D:11)
  7 orc warriors
  2 sky beasts
  An ice beast (D:8)
  3 black bears
  An eye of draining (D:11)
  A phantom (D:7)
  A necrophage (D:5)
  10 wolves
  9 ogres
  5 centaurs
  3 lemures (D:6)
  8 big kobolds
  8 bullfrogs
  A water moccasin zombie (D:4)
  2 scorpions
  10 killer bees
  An electric eel (Lair:2)
  4 wights (D:9)
  A howler monkey (D:9)
  5 spriggan skeletons (D:10)
  A troll skeleton (D:10)
  3 bullfrog zombies
  2 quasits
  6 hounds
  A jelly (D:9)
  2 centaur zombies
  A gnoll shaman (D:10)
  14 orc wizards
  2 centaur skeletons
  5 orc priests
  4 bullfrog skeletons
  An iguana (D:6)
  7 worker ants
  A worker ant zombie (D:4)
  3 gnolls (D:10)
  11 adders
  A river rat (D:5)
  2 shadow imps
  2 white imps
  5 oozes
  3 adder zombies (D:4)
  An adder skeleton (D:4)
  4 worms (Sewer)
  A dart slug (D:3)
  3 leopard geckos
  46 orcs
  A giant cockroach (D:1)
  6 goblins
  9 hobgoblins
  20 jackals
  5 quokkas
  6 ball pythons
  9 bats
  5 frilled lizards
  25 kobolds
  A leopard gecko skeleton (D:4)
  A quokka skeleton (D:7)
  20 rats
435 creatures vanquished.

Vanquished Creatures (collateral kills)
  An acid dragon (D:11)
  A phantom (D:11)
2 creatures vanquished.

Vanquished Creatures (others)
  14 fungi
  35 plants
49 creatures vanquished.

Grand Total: 486 creatures vanquished

Notes
Turn   | Place    | Note
-------+----------+-------------------------------------------
     0 | D:1      | dtburroughs the Minotaur Berserker began the quest for the
                  | Orb.
     0 | D:1      | Reached XP level 1. HP: 19/19 MP: 0/0
   147 | D:1      | Reached XP level 2. HP: 24/27 MP: 1/1
  1063 | D:2      | Found a sacrificial altar of Ru.
  1081 | D:2      | Reached ** piety under Trog
  1133 | D:2      | Reached XP level 3. HP: 33/33 MP: 2/2
  1749 | D:3      | Reached XP level 4. HP: 38/41 MP: 3/3
  1754 | D:3      | Reached skill level 1 in Shields
  2104 | D:3      | Found a glowing golden altar of the Shining One.
  2470 | D:4      | Reached XP level 5. HP: 37/47 MP: 4/4
  2699 | D:4      | Reached skill level 5 in Axes
  2699 | D:4      | Reached XP level 6. HP: 52/55 MP: 5/5
  2712 | D:4      | Reached *** piety under Trog
  2713 | D:4      | Reached skill level 5 in Fighting
  2789 | D:4      | Found a staircase to the Ecumenical Temple.
  3229 | D:5      | Entered Level 5 of the Dungeon
  3235 | D:5      | Found a glowing drain.
  3265 | Sewer    | Entered a sewer
  3315 | Sewer    | Reached XP level 7. HP: 57/61 MP: 6/6
  3554 | Sewer    | Reached skill level 5 in Armour
  3753 | Sewer    | Reached **** piety under Trog
  3862 | D:5      | Noticed Grinder
  3871 | D:5      | Reached skill level 5 in Dodging
  3884 | D:5      | Paralysed by Grinder for 7 turns
  3894 | D:5      | Paralysed by Grinder for 2 turns
  3908 | D:5      | Killed Grinder
  3909 | D:5      | Reached XP level 8. HP: 64/71 MP: 7/7
  4555 | D:5      | Reached skill level 5 in Shields
  5104 | D:5      | Got a pitted ring mail
  5396 | D:6      | Found a hide-covered altar of Uskayaw.
  5400 | D:6      | Found a bloodstained altar of Trog.
  5405 | D:6      | Found a burning altar of Makhleb.
  5405 | D:6      | Noticed Menkaure
  5408 | D:6      | Killed Menkaure
  5493 | D:6      | Reached XP level 9. HP: 69/79 MP: 8/8
  5580 | D:6      | Found a shadowy altar of Dithmenos.
  5694 | D:6      | Noticed Pikel
  5706 | D:6      | Noticed Edmund
  5712 | D:6      | Killed Pikel
  5716 | D:6      | Killed Edmund
  6393 | D:7      | Found a flagged portal.
  6449 | Bailey   | Entered a bailey
  6455 | Bailey   | Noticed an orc knight
  6602 | Bailey   | Killed an orc knight
  6603 | Bailey   | Reached skill level 1 in Evocations
  7048 | D:7      | Found a shimmering blue altar of Sif Muna.
  7103 | D:7      | Reached ***** piety under Trog
  7111 | D:7      | Reached XP level 10. HP: 85/90 MP: 9/9
  7477 | D:7      | Found a hazy altar of Hepliaklqana.
  7871 | D:8      | Noticed Prince Ribbit
  7970 | D:8      | Found a broken altar of Ashenzari.
  8239 | D:8      | Killed Prince Ribbit
  8342 | D:8      | Noticed Psyche
  8346 | D:8      | Killed Psyche
  8746 | D:9      | Found a sparkling altar of Nemelex Xobeh.
  8851 | D:9      | Noticed Harold
  8870 | D:9      | Killed Harold
  8870 | D:9      | Received a gift from Trog
  8996 | D:9      | Got a crude leather armour
  9972 | D:10     | Entered Level 10 of the Dungeon
 10146 | D:10     | Killed an unseen horror
 10147 | D:10     | Reached XP level 11. HP: 97/97 MP: 10/10
 10497 | D:10     | Found a portal to a secret trove of treasure.
 10909 | D:11     | Found a staircase to the Lair.
 11037 | D:11     | Noticed Maurice
 11063 | D:11     | Killed Maurice
 11144 | D:11     | Noticed a white ugly thing
 11170 | D:11     | Killed a white ugly thing
 11340 | D:11     | Reached skill level 10 in Axes
 11389 | D:11     | Identified the +1 leather armour "Ityly" {+Fly rC+ Int+3}
                  | (You found it on level 9 of the Dungeon)
 11418 | D:11     | Reached skill level 10 in Fighting
 11710 | D:11     | Killed an unseen horror
 11985 | D:11     | Noticed a four-headed hydra
 11985 | D:11     | Noticed a boulder beetle
 12025 | D:11     | Killed a one-headed hydra
 12244 | D:11     | Reached skill level 5 in Evocations
 12261 | D:11     | Noticed a green ugly thing
 12273 | D:11     | Killed an unseen horror
 12274 | D:11     | Reached skill level 10 in Armour
 12287 | D:11     | Killed a green ugly thing
 12557 | Lair:1   | Entered Level 1 of the Lair of Beasts
 12847 | Lair:1   | Reached XP level 12. HP: 96/108 MP: 11/11
 12900 | Lair:1   | Noticed a five-headed hydra
 12920 | Lair:1   | Killed a one-headed hydra
 13056 | Lair:1   | Noticed an eight-headed hydra
 13075 | Lair:1   | Killed a two-headed hydra
 13145 | Lair:1   | Reached skill level 10 in Shields
 13452 | Lair:1   | Reached skill level 10 in Dodging
 14183 | Lair:2   | Found a broken altar of Ashenzari.
 14219 | Lair:2   | Noticed Erica
 14235 | Lair:2   | Killed Erica
 14917 | Lair:3   | Reached XP level 13. HP: 106/117 MP: 12/12
 15297 | Lair:3   | Got a slimy battleaxe
 15777 | Lair:3   | Found a hole to the Spider Nest.
 16437 | Lair:3   | Noticed Rupert
 16439 | Lair:3   | Paralysed by Rupert for 3 turns
 16459 | Lair:3   | Mangled by Rupert

Illustrated notes

Levels and vault maps discovered:
D:1:      dpeg_arrival_shrine, layout_basic, minmay_misc_feat_square,
          item_on_display_a
D:2:      layout_basic, nicolae_ru_awakened_eye
D:3:      layout_basic, tso_oasis_becter, chequers_serial_rivers_marsh
D:4:      layout_gridville, minmay_temple_entry_slanted, serial_undead,
          serial_undead_a, serial_undead_c, serial_undead_e, serial_undead_d,
          serial_undead_c, serial_undead_c
D:5:      layout_layer_cave, portal_sewer_entry_c, uniq_grinder
D:6:      layout_basic, grunt_dithmenos_smoke_and_mirrors,
          grunt_temple_overflow_diamond, uniq_menkaure, uniq_pikel, uniq_edmund
D:7:      layout_gridville, nzn_hepliaklqana_mist_gate, led_sif_pool,
          enter_bailey_6
D:8:      layout_basic, evilmike_ruin_ashenzari, patterned_corridor,
          uniq_prince_ribbit1, uniq_psyche
D:9:      layout_layer_cave, nemelex_xobeh_ov_fountains_minmay, uniq_harold
D:10:     layout_rooms, enter_trove_3, minivault_4, hangedman_tell_no_tales
D:11:     cheibrodos_barr_body, layout_basic, ebering_dispersal_statue_hall,
          amcnicky_mini_rare_corridor_liquid, uniq_maurice
Lair:1:   layout_roguey, nicolae_volcano_entry_s_turn, grunt_megastairs_1
Lair:2:   layout_hall_layers, basic_altar, gammafunk_lair_bear_cave, uniq_erica
Lair:3:   cheibrodos_lair_overgrown_chateau, layout_layer_cave,
          nicolae_spider_entry_orb_guardian, uniq_rupert

Skill      XL: |  1  2  3  4  5  6  7  8  9 10 11 12 13 |
---------------+----------------------------------------+-----
Fighting       | 4 5 6 7 8 9 10 11 12 | 12.1
Axes           | 4 5 6 7 8 9 10 11 12 | 12.1
Armour         | 3 4 5 6 8 9 10 11 | 11.9
Dodging        | 3 4 5 6 7 8 9 10 11 | 11.0
Shields        | 1 2 3 4 5 7 8 9 10 11 | 11.4
Evocations     | 2 4 5 6 7 |  7.4

Action                   |  1- 3 |  4- 6 |  7- 9 | 10-12 | 13-15 || total
-------------------------+-------+-------+-------+-------+-------++-------
Melee: Hand axe          |   111 |    13 |       |   129 |     7 ||   260
       Headbutt          |    19 |    21 |    55 |   179 |    47 ||   321
       War axe           |       |    92 |   258 |       |       ||   350
       Broad axe         |       |       |    97 |   762 |   164 ||  1023
Invok: Trog's Hand       |     1 |     1 |     4 |     8 |     1 ||    15
       Berserk           |       |       |     1 |       |     1 ||     2
       Brothers in Arms  |       |       |       |     2 |       ||     2
Evoke: Wand              |       |       |       |     7 |    11 ||    18
  Use: Scroll            |       |       |     4 |     2 |       ||     6
       Potion            |       |       |     1 |     2 |       ||     3
 Stab: Distracted        |       |       |       |     1 |       ||     1
Armor: Animal skin       |    14 |       |       |       |       ||    14
       Plate armour      |    54 |    89 |   256 |   457 |    59 ||   915
       Skin              |       |       |       |    18 |       ||    18
Dodge: Dodged            |    54 |    38 |   239 |   392 |    68 ||   791
Block: Kite shield       |       |       |   151 |   687 |   135 ||   973
